← All builds
Tech / Armada / Economy first / OBSERVED BUILD

Standard tech

Armada Tech (Eco) build order · Supreme Isthmus

Rushes T2 by 4:15, gets Advanced Metal Extractor around 5:28, hands off T2 constructors to Geo and the team, then scales eco and supplies the team's T2 needs through the rest of the game.

Usually first T2 con to Geo (83%)

#eco #t2 #team support · 1593 distinct matches · 254 players · 60% of Armada Tech games · team won 54% of 1902 · Recently observed

HOW TO PLAY IT

Key timing: T2 factory by 4:15

  1. Open 3 mex and heavy wind to fund a fast T2 rush.
  2. Put down Bot Lab, planning to eat it for reclaim soon after.
  3. Get Advanced Bot Lab up, hitting the T2 factory rush timing.
  4. Upgrade mex to Advanced Metal Extractor to lock in team metal income.
  5. Eat Advanced Bot Lab and keep sending cons to Geo and Pond.

Phase by phase

TYPICAL OF ITS 1593 GAMES
  1. 1
  2. 2
  3. 3
  4. 4
PLAY THE OPENING

Follow the example game's first 6:00 step by step: what to build now, what comes next, and where it goes. At 1× it keeps pace with your own game.

  1. 1

    Up to the Bot Lab

    Economy
    • Metal Extractor3Mex
    • Wind Turbine4Wind
    Order
    1. Bot LabBot Lab after 3 mex, 4 winddone ~1:18, middle half 1:13–1:32

    Some games also: energy storage (31%)

    By 1:01 in all: 3 mex · 4 wind

    The example game in this phase · 3 steps
    1. Mex ×3
    2. Wind ×4
    3. Bot LabBot Labdone 1:23 · typical 1:18
  2. 2

    Bot Lab to Advanced Bot Lab

    Economy
    • Metal Extractor1Mex
    • Wind Turbine8Wind
    • Energy Storage1Energy storage
    Order
    1. Advanced Bot LabAdvanced Bot Lab after 4 mex, 12 wind, 3 con turretdone ~4:16, middle half 4:04–4:30
    Builders
    • Construction Turret3 Con turret
    • Lazarus3 Lazarus
    • Construction Bot2 Con bot
    • Construction Bot1 Con bot for allies

    Some games also: converter (36%)

    By 3:19 in all: 4 mex · 12 wind · 1 energy storage · 3 con turret

    The example game in this phase · 17 steps
    1. Wind
    2. LazarusLazarus
    3. Wind ×3
    4. LazarusLazarus
    5. Wind ×2
    6. LazarusLazarus ×2
    7. Energy storage
    8. Construction BotCon bot
    9. Construction BotCon botfor Air
    10. Construction BotCon bot
    11. Con turret
    12. Mex
    13. Con turret
    14. Converter ×3
    15. Wind
    16. Converter
    17. Advanced Bot LabAdvanced Bot Labdone 4:34 · typical 4:16
  3. 3

    Advanced Bot Lab to 5:00

    Economy
    • Wind Turbine3Wind
    Order
    1. Bot LabEat Bot Lab
    Builders
    • Advanced Construction Bot1 T2 con bot for allies

    Some games also: converter (35%)

    By 5:00 in all: 4 mex · 15 wind · 1 converter · 1 energy storage · 3 con turret

    The example game in this phase · 5 steps
    1. Wind
    2. Bot LabEat Bot Labreclaimed for its metal
    3. Wind ×2
    4. SharpshooterSniper botfor Ponddone 5:11
    5. Wind
  4. 4

    5:00 to 10:00

    Economy
    • Wind Turbine43Wind
    • Energy Converter6Converter
    Builders
    • Butler9 Butler
    • Advanced Construction Bot4 T2 con bot for allies
    • Advanced Construction Bot1 T2 con bot

    Some games also: con turret (43%) · Butler for allies (37%)

    By 10:00 in all: 4 mex · 58 wind · 8 converter · 1 energy storage · 3 con turret

    The example game in this phase · 113 steps
    1. Wind
    2. SharpshooterSniper botfor Pond
    3. Wind ×2
    4. Advanced Construction BotT2 con botfor Air
    5. Wind ×3
    6. Advanced Metal ExtractorT2 mexdone 6:46 · typical 5:29
    7. Wind ×2
    8. Advanced Construction BotT2 con botfor Geo sea
    9. Wind ×7
    10. Advanced Metal ExtractorT2 mex
    11. Wind ×2
    12. Advanced Metal ExtractorT2 mex
    13. Wind
    14. Advanced Metal ExtractorT2 mex
    15. Advanced Construction BotT2 con bot ×2for Pond
    16. ButlerButler
    17. Wind
    18. ButlerButlerfor Beach sea
    19. Wind ×2
    20. ButlerButlerfor Beach sea
    21. Wind
    22. ButlerButler
    23. Wind
    24. ButlerButler
    25. Wind ×2
    26. ButlerButler
    27. Wind
    28. ButlerButler
    29. Wind ×2
    30. ButlerButler
    31. Wind ×3
    32. ButlerButler
    33. Wind ×3
    34. ButlerButler
    35. Con turret
    36. Wind
    37. Advanced Construction BotT2 con bot
    38. Wind ×3
    39. Con turret
    40. Wind ×4
    41. Con turret ×2
    42. Wind ×4
    43. Vehicle PlantVehicle Plantdone 11:10
    44. Wind ×4
    45. Advanced Bot LabEat Advanced Bot Labreclaimed for its metal
    46. StoutStout
    47. Vehicle PlantVehicle Plantdone 11:18
    48. Wind ×3
    49. StoutStout ×2
    50. Wind
    51. StoutStout ×2
    52. Wind ×2
    53. StoutStout
    54. Wind
    55. StoutStout ×2
    56. Wind
    57. StoutStout ×3
    58. Wind ×2
    59. StoutStout
    60. Wind
    61. StoutStout ×2
    62. Wind ×2
    63. StoutStout
    64. Wind ×4
    65. StoutStout
    66. Wind ×2
    67. StoutStout
    68. Wind ×2
    69. StoutStout
    70. Wind ×4
    71. Converter
    72. StoutStout
    73. Wind
    74. StoutStout
    75. Converter
    76. Wind ×5
    77. StoutStout
    78. Converter
    79. StoutStout ×2
    80. Wind ×2
    81. Advanced Fusion ReactorAdvanced Fusion Reactornot finished by 15:00
    82. Wind
    83. StoutStout
    84. Wind
    85. StoutStout
    86. Vehicle PlantEat Vehicle Plantreclaimed for its metal
    87. Converter
    88. Wind
    89. Vehicle PlantEat Vehicle Plantreclaimed for its metal
    90. Wind ×3
    91. Converter
    92. Wind ×4
    93. Converter
    94. Wind ×5
    95. Converter
    96. Wind ×4
    97. Converter
    98. Wind ×3
    99. Converter
    100. Wind ×3
    101. Converter
    102. Wind ×5
    103. Converter
    104. Wind ×3
    105. Converter
    106. Wind ×5
    107. Converter
    108. Wind ×4
    109. Converter
    110. Wind ×4
    111. Converter
    112. Wind
    113. T2 converter

Counts are medians over the build's games: half of them build more, half fewer. The example game is badbot's (36 OS, 14/10/2026); pick another.

Team trades

IN AT LEAST 30% OF ITS GAMES

You hand over

  • Construction Bot1 Con bot to Airfirst at 2:23 · in 84% of games
  • Advanced Construction Bot5 T2 con bot to Air or Pond or Geo seafirst at 4:50 · in 99% of games
  • Butler2 Butler to Geo sea or Beach sea or Pondfirst at 9:06 · in 42% of games

You get

  • Hercules1 Light transport from Airfirst at 4:01 · in 86% of games

How it plays out

Typical game of this build, running totals by minute

Metal produced

020k40k
0:005:0010:0015:00

metal

Enemy metal destroyed

050100150
0:005:0010:0015:00

metal

Own metal lost

050100150
0:005:0010:0015:00

metal

1902 games.

Show as table
ByMetal produced: This buildEnemy metal destroyed: This buildOwn metal lost: This build
1:0038300
2:0091500
3:00165200
4:00314300
5:00484800
6:00580100
7:00723000
8:00906400
9:001117800
10:001352000
11:001624200
12:001965200
13:002343000
14:0027286074
15:0031512108130
WHAT THE NUMBERS SAY

Standard Tech play barely fights at all early, instead pouring metal into T2 infrastructure and constructors for the team.

  • + Metal produced hits 31679 by 15:00, by far the highest of any role here.
  • + T2 factory reached in 97% of games by 4:15, fastest and most reliable T2 timing.
  • − Enemy metal destroyed stays at 0 through 10:00, no early offense at all.
  • − Own metal lost also near 0, showing total avoidance of combat risk.
THE EXAMPLE YOU ARE READING

badbot

36.2 OS · 14/10/2026

Open source match ↗

2 received units
2108 metal received · 60539 energy received

Allied construction assistance is unknown. Timings are observations, not a promise of solo reproducibility.

Typical milestones

Bot Lab1:18Middle 50%: 1:13–1:32 · n=1902
Advanced Bot Lab4:16Middle 50%: 4:04–4:30 · n=1895
Advanced Metal Extractor5:29Middle 50%: 5:05–5:59 · n=1898

Played most by

Amrissa96games of this buildTheGeneraI70games of this buildAdeus57games of this buildEl_Turco55games of this buildKOT_44games of this build
Standard tech · Armada Tech (Eco) build order · BAR Build Atlas